 Dungeon Crawl Stone Soup version 0.31-a0-846-gb3bcc0d938 (webtiles) character file.

Game seed: 4849482781968012100

308 Pixllover the Cudgeller (level 6, -3/60 HPs)
             Began as a Gargoyle Berserker on Oct 4, 2023.
             Was a Priest of Trog.
             Killed by divine providence
             ... invoked by an orc priest
              (12 damage)
             ... on level 4 of the Dungeon.
             The game lasted 00:06:53 (3676 turns).

Pixllover the Cudgeller (Gargoyle Berserker)        Turns: 3676, Time: 00:06:54

Health: -3/60      AC: 17    Str: 23    XL:     6   Next: 40%
Magic:  0/6        EV:  7    Int:  7    God:    Trog [***...]
Gold:   109        SH:  0    Dex:  9    Spells: 5/5 levels left

rFire   . . .        a - +0 mace
rCold   . . .        (no shield)
rNeg    + + .        k - +0 plate armour
rPois   ∞            f - +0 helmet
rElec   +            (no cloak)
rCorr   .            (no gloves)
SInv    .            (no boots)
Will    .....        e - amulet of guardian spirit Stlth
                     i - ring of positive energy
HPRegen 0.30/turn    (no ring)
MPRegen 0.10/turn

%: guardian spirit
@: mighty, berserking, very quick
A: sickness immunity, AC +4, negative energy resistance 1, electricity
resistance, torment resistance 1, petrification resistance
a: Renounce Religion, Berserk, Trog's Hand


You were on level 4 of the Dungeon.
You worshipped Trog.
Trog was most pleased with you.
You visited 1 branch of the dungeon, and saw 4 of its levels.

You collected 179 gold pieces.
You spent 70 gold pieces at shops.

Inventory:

Hand Weapons
 a - a +0 mace (weapon)
Missiles
 m - 11 poisoned darts (quivered)
Armour
 f - a +0 helmet (worn)
 k - a +0 plate armour (worn)
Jewellery
 e - an amulet of guardian spirit (around neck)
 i - a ring of positive energy (left hand)
Wands
 q - a wand of digging (6)
 t - a wand of iceblast (13)
Scrolls
 b - a scroll of enchant armour
 d - 2 scrolls of vulnerability
 g - a scroll of blinking {unknown}
 h - a scroll of summoning {unknown}
 j - a scroll of fear
 l - a scroll of poison {unknown}
 n - a scroll of revelation {unknown}
 o - a scroll of acquirement {unknown}
 r - a scroll of teleportation {unknown}
 u - 2 scrolls of identify
 v - a scroll of amnesia {unknown}
Potions
 p - a potion of enlightenment


   Skills:
 + Level 4.8 Fighting
 + Level 5.2 Maces & Flails
 + Level 3.6 Armour
 + Level 2.0 Dodging
 + Level 0.2 Stealth


You had 5 spell levels left.
You didn't know any spells.
Your spell library was empty.

Dungeon Overview and Level Annotations

Branches:
Dungeon (4/15)
 Temple: D:4-7

Altars:
Xom
Yredelemnul

Shops:
D:1 (   D:3 !


Innate Abilities, Weirdness & Mutations

You are immune to sickness and miasma.
Your stone body is resilient. (AC +4)
You are immune to poison.
You resist negative energy. (rN+)
You are resistant to electric shocks. (rElec)
You are resistant to unholy torment.
You are immune to petrification.


Message History

The orc hits you but does no damage.
You sock the orc!
You kill the orc!
Trog accepts your kill.
The orc priest mumbles some strange prayers to Beogh against you.
Beogh smites you! The orc priest barely misses you.
You hit the orc priest.
The orc priest is heavily wounded.
The orc priest barely misses you.
You hit the orc priest.
The orc priest is heavily wounded.
The orc priest begins to cast a cantrip, but forgets the words!
The orc priest hits you with a +0 whip.
You hit the orc priest.
The orc priest is severely wounded.
The orc priest closely misses you.
You barely miss the orc priest.
The orc priest is severely wounded.
The orc priest calls down the wrath of Beogh upon you.
Beogh smites you!
* * * LOW HITPOINT WARNING * * *
The orc priest invokes the aid of Beogh against you.
Beogh smites you!
* * * LOW HITPOINT WARNING * * *
It was a potion of might.
You feel very mighty all of a sudden.
The orc priest invokes the aid of Beogh against you.
Pain shoots through your body!
* * * LOW HITPOINT WARNING * * *
You feel better.
The orc priest casts a cantrip, but nothing happens.
The orc priest hits you but does no damage.
A red film seems to cover your vision as you go berserk!
You feel yourself moving faster!
You feel mighty!
The orc priest invokes the aid of Beogh against you.
Beogh smites you!
* * * LOW HITPOINT WARNING * * *
The orc priest calls down the wrath of Beogh upon you.
Beogh smites you!
You die...

#..... ...... #.....
...... #..... ......
#....# .
#######...... #....#
....#............
#....#
....#............
#....#
....'.o..........
+....# #.o@.........
#....# #............
######
#.....#########....#
#.....#......#......
#.....#......'......
#.....'......#......
#.....########.....#
#####......###.....#
#......#.......#


You could see 2 orc priests.

Vanquished Creatures
  A scorpion (D:4)
  An orc wizard (D:4)
  An iguana (D:4)
  Robin (D:4)
  7 adders
  3 worms
  A dart slug (D:3)
  10 orcs
  8 ball pythons
  8 endoplasms
  3 giant cockroaches (D:2)
  18 goblins
  11 hobgoblins
  3 jackals (D:1)
  4 quokkas
  3 bats
  3 frilled lizards
  8 kobolds
  5 rats
99 creatures vanquished.

Notes
Turn   | Place    | Note
-------+----------+-------------------------------------------
     0 | D:1      | Pixllover the Gargoyle Berserker began the quest for the
                  | Orb.
     0 | D:1      | Reached XP level 1. HP: 14/14 MP: 1/1
   115 | D:1      | Found a faded altar of an unknown god.
   293 | D:1      | Reached XP level 2. HP: 16/19 MP: 2/2
   574 | D:1      | Found Zezxabeu's Weapon Shoppe.
   644 | D:1      | Reached XP level 3. HP: 24/24 MP: 3/3
   994 | D:1      | Reached ** piety under Trog
  1432 | D:2      | Reached XP level 4. HP: 21/29 MP: 2/4
  1485 | D:2      | Found a shimmering altar of Xom.
  2160 | D:3      | Found Syududet's Distillery.
  2183 | D:3      | Found a basalt altar of Yredelemnul.
  2185 | D:3      | Bought a potion of heal wounds for 70 gold pieces
  2273 | D:3      | Reached skill level 4 in Maces & Flails
  2401 | D:3      | Reached XP level 5. HP: 34/34 MP: 5/5
  3142 | D:4      | Reached *** piety under Trog
  3166 | D:4      | Reached skill level 5 in Maces & Flails
  3166 | D:4      | Reached XP level 6. HP: 30/39 MP: 3/6
  3279 | D:4      | Noticed Robin
  3306 | D:4      | Killed Robin
  3674 | D:4      | HP: 2/40 [orc priest/nerve-wracking pain (1)]
  3676 | D:4      | Killed from afar by an orc priest

Illustrated notes

Levels and vault maps discovered:
D:1:      kilobyte_arrival_exit_the_forest, layout_basic, serial_shops,
          nicolae_shop_hallway_plus, shapermc_ecumenical_altar_pompeii,
          st_stairs_7
D:2:      layout_loops_ring, basic_altar, grunt_ministairs_2
D:3:      layout_basic, mainiacjoe_overflow_alcove_4, serial_shops, shop
D:4:      layout_gridville, nicolae_vehumet_altar_sigil, abandoned_shop,
          kennysheep_path_1, uniq_natasha, uniq_robin

Skill      XL: |  1  2  3  4  5 |
---------------+----------------+-----
Fighting       | 4 |  4.8
Dodging        | 2 |  2.0
Maces & Flails | 4 5 |  5.2
Armour         | 3 |  3.6
Stealth        | |  0.2

Action                     |  1- 3 |  4- 6 || total
---------------------------+-------+-------++-------
  Melee: Mace              |   111 |   236 ||   347
         Punch             |     1 |     2 ||     3
 Invoke: Berserk           |       |     1 ||     1
    Use: Scroll            |     2 |     3 ||     5
         Potion            |       |     3 ||     3
 Armour: Ring mail         |    58 |       ||    58
         Plate armour      |    56 |   255 ||   311
         Scale mail        |    15 |       ||    15
         Skin              |     3 |       ||     3
  Dodge: Dodged            |    96 |   100 ||   196

Table legend: (Time is in decaauts)
 A = Elapsed time spent in this place.
 B = Non-inter-level travel time spent in this place.
 C = Inter-level travel time spent in this place.
 D = Time resting spent in this place.
 E = Time spent auto-exploring this place.
 F = Levels seen in this place.
 G = Mean time per level.
                   A        B        C        D        E       F      G
               +--------+--------+--------+--------+--------+-----+--------+
         Total |   3752 |   3662 |     90 |      0 |   2409 |   4 |  938.0 |
       Dungeon |   3752 |   3662 |     90 |      0 |   2409 |   4 |  938.0 |
               +--------+--------+--------+--------+--------+-----+--------+

Top non-repeatable levels by time:
     D:1: 1242 daAuts
     D:3: 1097 daAuts
     D:2: 832 daAuts
     D:4: 580 daAuts
